ARIZONA Coyotes vs CALGARY Flames

Created - 18 février 2019 at 15:28

Goals
1 2 3 OT1 SO T
ARIZONA Coyotes 0 1 0 0 0 1
CALGARY Flames 1 0 0 0 1 2
Shots
1 2 3 OT1 SO T
ARIZONA Coyotes 17 6 7 1 3 31
CALGARY Flames 7 13 7 3 3 30

1st period

1. CALGARY Flames , Charlie McAvoy 10 (Wayne Simmonds 21) at 7:01

Penalties :
Alex Goligoski (ARI) for Hooking (Minor) at 0:05, Ian Cole (ARI) for High sticking (Minor) at 4:43, Boone Jenner (CGY) for High sticking (Minor) at 11:55

2nd period

2. ARIZONA Coyotes , Alex Goligoski 10 (Auston Matthews 35, Erik Johnson 34) at 11:31 (PP)

Penalties :
Ondrej Kase (ARI) for Interference (Minor) at 1:47, Ryan Nugent-Hopkins (ARI) for Hooking (Minor) at 5:28, Wayne Simmonds (CGY) for Charging (Minor) at 9:52, Darnell Nurse (CGY) for Fighting (Major) at 10:57, Mikko Koivu (ARI) for Fighting (Major) at 10:57

3rd period

No Goal

Penalties :
Nikita Zaitsev (ARI) for Slashing (Minor) at 3:44

Overtime #1

No Goal

Penalties :
No Penalty

Shootout

ARIZONA Coyotes, Mark Scheifele - Stopped by Jacob Markstrom
CALGARY Flames, Wayne Simmonds - Stopped by Andrei Vasilevskiy
ARIZONA Coyotes, Nicklas Backstrom - Stopped by Jacob Markstrom
CALGARY Flames, Shea Weber - Shot Misses the Net
ARIZONA Coyotes, Auston Matthews - Stopped by Jacob Markstrom
CALGARY Flames, Alex Galchenyuk - Goal!

Penalties :
No Penalty

Goalie Stats

Andrei Vasilevskiy (ARI), 29 saves from 30 shots - (0,967), OTL, 33-19-3, 65:00 minutes
Jacob Markstrom (CGY), 30 saves from 31 shots - (0,968), W, 12-4-1, 65:00 minutes

Players Stats for ARIZONA Coyotes

Player Name              G  A  P  +/- PIM S  H  SB GA TA FO     MP     PP MP  PK MP  
------------------------------------------------------------------------------------
Alex Goligoski           1  0  1   0  2   2  1  1  0  0  0/0    27:27   2:18   4:22 
Andrew Copp              0  0  0  -1  0   0  0  0  0  0  5/7     8:11   0:00   0:48 
Auston Matthews          0  1  1   0  0   8  1  0  0  0  13/25  21:34   2:26   3:30 
Deryk Engelland          0  0  0   0  0   0  4  2  0  0  0/0    23:25   1:20   4:48 
Erik Johnson             0  1  1   0  0   3  2  1  0  0  0/0    28:44   2:18   5:38 
Ian Cole                 0  0  0   0  2   1  0  2  0  0  0/0    15:34   0:00   0:00 
Justin Schultz           0  0  0  -1  0   1  0  1  0  0  0/0    21:26   1:20   5:02 
Mark Scheifele           0  0  0   0  0   3  2  2  0  0  12/21  25:18   2:26   5:51 
Mikko Koivu              0  0  0   0  5   2  2  0  0  0  6/9    15:16   1:11   3:30 
Nicklas Backstrom        0  0  0   0  0   3  1  0  0  0  15/22  24:14   1:12   6:11 
Nikita Zaitsev           0  0  0  -1  2   1  1  0  0  0  0/0    13:21   0:00   0:00 
Ondrej Kase              0  0  0   0  2   0  0  0  0  0  0/1    10:38   0:00   0:00 
Ryan Donato              0  0  0   0  0   1  0  0  0  0  1/3    10:39   0:00   0:00 
Ryan Hartman             0  0  0  -1  0   0  0  0  0  0  0/0     8:16   0:00   0:00 
Ryan Nugent-Hopkins      0  0  0   0  2   4  1  0  0  0  1/2    16:41   2:26   0:00 
Sam Bennett              0  0  0  -1  0   0  0  1  0  0  0/1     7:23   0:00   0:00 
Sam Reinhart             0  0  0   0  0   1  0  0  0  0  0/1    15:21   1:12   0:00 
Travis Konecny           0  0  0   0  0   1  1  0  0  0  1/3    16:31   0:00   0:00 

Players Stats for CALGARY Flames

Player Name              G  A  P  +/- PIM S  H  SB GA TA FO     MP     PP MP  PK MP  
------------------------------------------------------------------------------------
Alex Galchenyuk          0  0  0   0  0   5  0  0  0  0  18/35  26:05   4:36   2:06 
Boone Jenner             0  0  0   0  2   0  0  0  0  0  2/7     6:09   1:42   0:00 
Brendan Perlini          0  0  0   0  0   4  0  0  0  0  1/3    18:26   0:27   0:17 
Cal Clutterbuck          0  0  0   0  0   2  2  0  0  0  1/4    18:27   4:36   1:15 
Charlie Coyle            0  0  0   0  0   2  1  1  0  0  11/20  22:43   5:19   2:29 
Charlie McAvoy           1  0  1   1  0   2  0  1  0  0  0/0    19:36   0:00   0:00 
Darnell Nurse            0  0  0   1  5   0  2  1  0  0  0/0    16:49   0:00   1:48 
Eric Gryba               0  0  0   0  0   1  1  0  0  0  0/0     1:45   0:00   0:00 
Jake DeBrusk             0  0  0   0  0   0  0  0  0  0  0/1    16:18   5:19   0:00 
Jason Chimera            0  0  0   1  0   2  0  0  0  0  0/0    10:08   0:00   0:14 
Kyle Clifford            0  0  0   1  0   0  1  0  0  0  0/1     7:52   0:00   0:00 
Michal Kempny            0  0  0   0  0   0  1  0  0  0  0/0    15:32   4:47   0:00 
Nick Ritchie             0  0  0   0  0   0  3  0  0  0  0/1    14:05   2:27   0:00 
Ryan Callahan            0  0  0   0  0   3  0  0  0  0  1/1    15:58   0:00   0:00 
Ryan Suter               0  0  0   0  0   2  0  0  0  0  0/0    29:48   5:08   1:49 
Shea Weber               0  0  0   0  0   1  1  1  0  0  0/0    26:47   5:08   1:35 
Travis Hamonic           0  0  0   0  0   3  0  2  0  0  0/0    19:42   4:47   2:03 
Wayne Simmonds           0  1  1   1  2   3  1  0  0  0  7/22   30:09   5:19   0:55 

3 Stars

1 - Jacob Markstrom (CGY)
2 - Andrei Vasilevskiy (ARI)
3 - Charlie McAvoy (CGY)

Power Play

ARIZONA Coyotes - 1 on 2 Attempt(s) - 50,00%
CALGARY Flames - 0 on 5 Attempt(s) - 0,00%

Penalty Kill

ARIZONA Coyotes - 5 on 5 Attempt(s) - 100,00% - Score 0 goal in Penalty Kill
CALGARY Flames - 1 on 2 Attempt(s) - 50,00% - Score 0 goal in Penalty Kill

Team Stat

ARIZONA Coyotes - Hits : 16 - Faceoff Wins : 54 - Blocked Shots : 10 - Penalty Minutes : 15
CALGARY Flames - Hits : 13 - Faceoff Wins : 41 - Blocked Shots : 6 - Penalty Minutes : 9

Official

Referees : Unknown
Linesman : Unknown

Game Notes

Boone Jenner is injured at 1:40 of 2nd period (Back Spasms)
Mikko Koivu beats up Darnell Nurse at 10:57 of 2nd period

Finance

Level 1 -- Attendance: 5370 (89,50%) -- Ticket Income 537 000 $
Level 2 -- Attendance: 4562 (91,24%) -- Ticket Income 273 720 $
Level 3 -- Attendance: 2000 (100,00%) -- Ticket Income 70 000 $
Level 4 -- Attendance: 3915 (97,88%) -- Ticket Income 78 300 $
Luxury Box -- Attendance: 891 (89,10%) -- Ticket Income 178 200 $
Game was played at the Scotiabank Saddledome.
Total Attendance: 16738 (92,99%)
Total Ticket Income: 1 137 220 $
Other Income: 443 516 $
Total Income: 1 580 736 $

ARIZONA Coyotes

5 vs 5 Forward 
   Center                   Left Wing                Right Wing               Time % Phy DF OF 
 1 Auston Matthews          Ryan Nugent-Hopkins      Mark Scheifele           33     0   0  5  
 2 Nicklas Backstrom        Travis Konecny           Sam Reinhart             32     1   1  3  
 3 Mikko Koivu              Ryan Donato              Ondrej Kase              25     1   1  3  
 4 Andrew Copp              Ryan Hartman             Sam Bennett              10     1   2  2  

5 vs 5 Defense 
   Defense                  Defense                                           Time % Phy DF OF 
 1 Erik Johnson             Alex Goligoski                                    40     1   2  2  
 2 Ian Cole                 Deryk Engelland                                   30     1   2  2  
 3 Nikita Zaitsev           Justin Schultz                                    20     1   2  2  
 4 Nikita Zaitsev           Justin Schultz                                    10     1   2  2  

PowerPlay Forward 
   Center                   Left Wing                Right Wing               Time % Phy DF OF 
 1 Mark Scheifele           Auston Matthews          Ryan Nugent-Hopkins      60     1   2  2  
 2 Nicklas Backstrom        Mikko Koivu              Sam Reinhart             40     1   2  2  

PowerPlay Defense
   Defense                  Defense                                           Time % Phy DF OF 
 1 Erik Johnson             Alex Goligoski                                    60     1   2  2  
 2 Justin Schultz           Deryk Engelland                                   40     1   2  2  

Penalty Kill 4 Players Forward 
   Center                   Wing                     Time % Phy DF OF 
 1 Mark Scheifele           Nicklas Backstrom        60     1   2  2  
 2 Auston Matthews          Mikko Koivu              40     1   2  2  

Penalty Kill 4 Players Defense
   Defense                  Defense                  Time % Phy DF OF 
 1 Erik Johnson             Alex Goligoski           60     1   2  2  
 2 Justin Schultz           Deryk Engelland          40     1   2  2  

Penalty Kill - 3 Players Forward 
   Forward                                           Time % Phy DF OF 
 1 Mark Scheifele                                    60     1   2  2  
 2 Nicklas Backstrom                                 40     1   2  2  

Penalty Kill - 3 Players Defense
   Defense                  Defense                  Time % Phy DF OF 
 1 Erik Johnson             Alex Goligoski           60     1   2  2  
 2 Justin Schultz           Deryk Engelland          40     1   2  2  

4 vs 4 Forward 
   Center                   Wing                     Time % Phy DF OF 
 1 Mark Scheifele           Nicklas Backstrom        60     1   2  2  
 2 Auston Matthews          Mikko Koivu              40     1   2  2  

4 vs 4 Defense
   Defense                  Defense                  Time % Phy DF OF 
 1 Erik Johnson             Alex Goligoski           60     1   2  2  
 2 Justin Schultz           Deryk Engelland          40     1   2  2  

Last Minutes Offensive
   Center                   Left Wing                Right Wing               Defense                  Defense                  
   Mark Scheifele           Ryan Nugent-Hopkins      Sam Bennett              Erik Johnson             Alex Goligoski           

Last Minutes Defensive
   Center                   Left Wing                Right Wing               Defense                  Defense                  
   Mark Scheifele           Ryan Nugent-Hopkins      Sam Bennett              Erik Johnson             Alex Goligoski           

Goaltenders
Starting : Andrei Vasilevskiy       
Backup : Marc-Andre Fleury        

Extra Forwards
Normal : Travis Konecny, Ryan Hartman, Andrew Copp - PP : Travis Konecny, Ryan Hartman - PK : Andrew Copp
Extra Defensemen
Normal : Erik Johnson, Justin Schultz, Alex Goligoski - PP : Alex Goligoski - PK : Justin Schultz, Erik Johnson
Penalty Shots
Mark Scheifele, Nicklas Backstrom, Auston Matthews, Mikko Koivu, Ryan Nugent-Hopkins

CALGARY Flames

5 vs 5 Forward 
   Center                   Left Wing                Right Wing               Time % Phy DF OF 
 1 Charlie Coyle            Jake DeBrusk             Wayne Simmonds           37     2   1  2  
 2 Alex Galchenyuk          Nick Ritchie             Cal Clutterbuck          33     2   1  2  
 3 Boone Jenner             Brendan Perlini          Ryan Callahan            20     2   1  2  
 4 Wayne Simmonds           Kyle Clifford            Jason Chimera            10     2   2  1  

5 vs 5 Defense 
   Defense                  Defense                                           Time % Phy DF OF 
 1 Ryan Suter               Shea Weber                                        40     2   2  1  
 2 Charlie McAvoy           Darnell Nurse                                     35     2   2  1  
 3 Travis Hamonic           Michal Kempny                                     20     2   2  1  
 4 Ryan Suter               Eric Gryba                                        5      2   2  1  

PowerPlay Forward 
   Center                   Left Wing                Right Wing               Time % Phy DF OF 
 1 Charlie Coyle            Jake DeBrusk             Wayne Simmonds           55     1   0  4  
 2 Alex Galchenyuk          Boone Jenner             Cal Clutterbuck          45     1   0  4  

PowerPlay Defense
   Defense                  Defense                                           Time % Phy DF OF 
 1 Ryan Suter               Shea Weber                                        55     1   1  3  
 2 Michal Kempny            Travis Hamonic                                    45     1   1  3  

Penalty Kill 4 Players Forward 
   Center                   Wing                     Time % Phy DF OF 
 1 Boone Jenner             Charlie Coyle            55     1   4  0  
 2 Wayne Simmonds           Cal Clutterbuck          45     1   4  0  

Penalty Kill 4 Players Defense
   Defense                  Defense                  Time % Phy DF OF 
 1 Ryan Suter               Shea Weber               55     1   4  0  
 2 Travis Hamonic           Darnell Nurse            45     1   4  0  

Penalty Kill - 3 Players Forward 
   Forward                                           Time % Phy DF OF 
 1 Boone Jenner                                      50     0   5  0  
 2 Charlie Coyle                                     50     0   5  0  

Penalty Kill - 3 Players Defense
   Defense                  Defense                  Time % Phy DF OF 
 1 Ryan Suter               Shea Weber               55     1   4  0  
 2 Travis Hamonic           Michal Kempny            45     1   4  0  

4 vs 4 Forward 
   Center                   Wing                     Time % Phy DF OF 
 1 Wayne Simmonds           Boone Jenner             55     2   1  2  
 2 Alex Galchenyuk          Charlie Coyle            45     1   1  3  

4 vs 4 Defense
   Defense                  Defense                  Time % Phy DF OF 
 1 Ryan Suter               Shea Weber               55     1   2  2  
 2 Charlie McAvoy           Travis Hamonic           45     1   2  2  

Last Minutes Offensive
   Center                   Left Wing                Right Wing               Defense                  Defense                  
   Charlie Coyle            Jake DeBrusk             Wayne Simmonds           Ryan Suter               Shea Weber               

Last Minutes Defensive
   Center                   Left Wing                Right Wing               Defense                  Defense                  
   Charlie Coyle            Boone Jenner             Wayne Simmonds           Ryan Suter               Shea Weber               

Goaltenders
Starting : Jacob Markstrom          
Backup : Ben Bishop               

Extra Forwards
Normal : Alex Galchenyuk, Wayne Simmonds, Brendan Perlini - PP : Nick Ritchie, Brendan Perlini - PK : Charlie Coyle
Extra Defensemen
Normal : Ryan Suter, Shea Weber, Travis Hamonic - PP : Travis Hamonic - PK : Ryan Suter, Michal Kempny
Penalty Shots
Wayne Simmonds, Boone Jenner, Alex Galchenyuk, Brendan Perlini, Charlie Coyle


% Time on Ice - ARIZONA Coyotes

Lines # - Real PCT - Wanted PCT - Time Play
Normal Forward
1 - 31% - 33% - 14:16
2 - 30% - 32% - 14:09
3 - 23% - 25% - 10:39
4 - 16% - 10% - 7:23
Normal Defense
1 - 39% - 40% - 18:14
2 - 33% - 30% - 15:13
3 - 20% - 20% - 9:24
4 - 8% - 10% - 3:36
PP Forward
1 - 67% - 60% - 2:26
2 - 33% - 40% - 1:12
PP Defense
1 - 63% - 60% - 2:18
2 - 37% - 40% - 1:20
PK Forward
1 - 65% - 60% - 6:25
2 - 35% - 40% - 3:30
PK Defense
1 - 57% - 60% - 5:41
2 - 43% - 40% - 4:14
PK3 Forward
1 - 0% - 60%
2 - 0% - 40%
PK3 Defense
1 - 0% - 60%
2 - 0% - 40%
44 Forward
1 - 73% - 60% - 3:38
2 - 27% - 40% - 1:22
44 Defense
1 - 59% - 60% - 2:56
2 - 41% - 40% - 2:04
Last Minute Offensive  - 0:00
Last Minute Defensive  - 0:00
Total
Forward - 65:00
Defense - 65:00

% Time on Ice - CALGARY Flames

Lines # - Real PCT - Wanted PCT - Time Play
Normal Forward
1 - 24% - 37% - 10:59
2 - 25% - 33% - 11:38
3 - 34% - 20% - 15:58
4 - 17% - 10% - 7:52
Normal Defense
1 - 36% - 40% - 16:38
2 - 37% - 35% - 17:24
3 - 23% - 20% - 10:40
4 - 4% - 5% - 1:45
PP Forward
1 - 54% - 55% - 5:19
2 - 46% - 45% - 4:36
PP Defense
1 - 52% - 55% - 5:08
2 - 48% - 45% - 4:47
PK Forward
1 - 66% - 55% - 2:23
2 - 34% - 45% - 1:15
PK Defense
1 - 44% - 55% - 1:35
2 - 56% - 45% - 2:03
PK3 Forward
1 - 0% - 50%
2 - 0% - 50%
PK3 Defense
1 - 0% - 55%
2 - 0% - 45%
44 Forward
1 - 87% - 55% - 4:20
2 - 13% - 45% - 0:40
44 Defense
1 - 56% - 55% - 2:48
2 - 44% - 45% - 2:12
Last Minute Offensive  - 0:00
Last Minute Defensive  - 0:00
Total
Forward - 65:00
Defense - 65:00

Play-by-Play

1st period


0:01 of 1st period - Charlie Coyle wins face-off versus Auston Matthews in neutral zone.
0:05 of 1st period - Minor Penalty to Alex Goligoski for Hooking.
0:06 of 1st period - Charlie Coyle wins face-off versus Mark Scheifele in ARIZONA Coyotes zone.
0:07 of 1st period - Shot by Ryan Suter.
0:07 of 1st period - Shot Misses the Net.
0:11 of 1st period - Shot by Ryan Suter.
0:11 of 1st period - Shot Misses the Net.
0:33 of 1st period - Shot by Shea Weber.
0:33 of 1st period - Shot Misses the Net.
0:43 of 1st period - Shot by Ryan Suter.
0:43 of 1st period - Stopped by Andrei Vasilevskiy without a rebound.
0:44 of 1st period - Mark Scheifele wins face-off versus Alex Galchenyuk in ARIZONA Coyotes zone.
0:44 of 1st period - Mark Scheifele is hit by Cal Clutterbuck.
1:09 of 1st period - Shot by Michal Kempny.
1:09 of 1st period - Shot Misses the Net.
1:11 of 1st period - Shot by Travis Hamonic.
1:11 of 1st period - Shot Misses the Net.
1:13 of 1st period - Shot by Cal Clutterbuck.
1:13 of 1st period - Stopped by Andrei Vasilevskiy without a rebound.
1:14 of 1st period - Auston Matthews wins face-off versus Wayne Simmonds in ARIZONA Coyotes zone.
1:30 of 1st period - Icing by Ryan Suter.
1:31 of 1st period - Charlie Coyle wins face-off versus Mark Scheifele in CALGARY Flames zone.
1:58 of 1st period - Shot by Jake DeBrusk.
1:58 of 1st period - Shot Misses the Net.
2:50 of 1st period - Icing by Alex Galchenyuk.
2:51 of 1st period - Alex Galchenyuk wins face-off versus Nicklas Backstrom in CALGARY Flames zone.
4:43 of 1st period - Minor Penalty to Ian Cole for High sticking.
4:44 of 1st period - Nicklas Backstrom wins face-off versus Cal Clutterbuck in ARIZONA Coyotes zone.
5:35 of 1st period - Off-side.
5:36 of 1st period - Charlie Coyle wins face-off versus Mark Scheifele in neutral zone.
6:53 of 1st period - Shot by Wayne Simmonds.
6:53 of 1st period - Stopped by Andrei Vasilevskiy without a rebound.
6:54 of 1st period - Andrew Copp wins face-off versus Wayne Simmonds in ARIZONA Coyotes zone.
7:01 of 1st period - Shot by Charlie McAvoy.
7:01 of 1st period - Goal by Charlie McAvoy - ARIZONA Coyotes : 0 - CALGARY Flames : 1.
7:02 of 1st period - Alex Galchenyuk wins face-off versus Mikko Koivu in neutral zone.
7:05 of 1st period - Shot by Darnell Nurse.
7:05 of 1st period - Shot Misses the Net.
7:16 of 1st period - Icing by Darnell Nurse.
7:17 of 1st period - Auston Matthews wins face-off versus Alex Galchenyuk in CALGARY Flames zone.
7:34 of 1st period - Shot by Mark Scheifele.
7:34 of 1st period - Stopped by Jacob Markstrom with a rebound.
7:36 of 1st period - Shot by Auston Matthews.
7:36 of 1st period - Stopped by Jacob Markstrom without a rebound.
7:37 of 1st period - Nicklas Backstrom wins face-off versus Charlie Coyle in CALGARY Flames zone.
7:47 of 1st period - Icing by Ryan Suter.
7:48 of 1st period - Charlie Coyle wins face-off versus Auston Matthews in CALGARY Flames zone.
7:59 of 1st period - Shot by Wayne Simmonds.
7:59 of 1st period - Stopped by Andrei Vasilevskiy with a rebound.
8:17 of 1st period - Shot by Mark Scheifele.
8:17 of 1st period - Stopped by Jacob Markstrom without a rebound.
8:18 of 1st period - Nicklas Backstrom wins face-off versus Alex Galchenyuk in CALGARY Flames zone.
8:21 of 1st period - Shot by Sam Reinhart.
8:21 of 1st period - Stopped by Jacob Markstrom without a rebound.
8:22 of 1st period - Nicklas Backstrom wins face-off versus Alex Galchenyuk in CALGARY Flames zone.
8:22 of 1st period - Sam Reinhart is hit by Michal Kempny and loses puck.
8:31 of 1st period - Shot by Ian Cole.
8:31 of 1st period - Shot Blocked by Travis Hamonic.
8:37 of 1st period - Shot by Nicklas Backstrom.
8:37 of 1st period - Shot Misses the Net.
8:39 of 1st period - Shot by Nicklas Backstrom.
8:39 of 1st period - Shot Misses the Net.
8:53 of 1st period - Shot by Nicklas Backstrom.
8:53 of 1st period - Deflect By Travis Konecny.
8:53 of 1st period - Stopped by Jacob Markstrom without a rebound.
8:54 of 1st period - Mikko Koivu wins face-off versus Charlie Coyle in CALGARY Flames zone.
9:21 of 1st period - Icing by Erik Johnson.
9:22 of 1st period - Boone Jenner wins face-off versus Ryan Donato in ARIZONA Coyotes zone.
9:53 of 1st period - Shot by Boone Jenner.
9:53 of 1st period - Shot Misses the Net.
11:14 of 1st period - Icing by Justin Schultz.
11:15 of 1st period - Auston Matthews wins face-off versus Alex Galchenyuk in ARIZONA Coyotes zone.
11:30 of 1st period - Shot by Auston Matthews.
11:30 of 1st period - Stopped by Jacob Markstrom without a rebound.
11:31 of 1st period - Andrew Copp wins face-off versus Boone Jenner in CALGARY Flames zone.
11:55 of 1st period - Minor Penalty to Boone Jenner for High sticking.
11:56 of 1st period - Mark Scheifele wins face-off versus Alex Galchenyuk in CALGARY Flames zone.
12:03 of 1st period - Shot by Ryan Nugent-Hopkins.
12:03 of 1st period - Stopped by Jacob Markstrom without a rebound.
12:04 of 1st period - Mark Scheifele wins face-off versus Alex Galchenyuk in CALGARY Flames zone.
12:22 of 1st period - Off-side.
12:23 of 1st period - Alex Galchenyuk wins face-off versus Nicklas Backstrom in neutral zone.
12:40 of 1st period - Shot by Justin Schultz.
12:40 of 1st period - Shot Misses the Net.
12:49 of 1st period - Icing by Mikko Koivu.
12:50 of 1st period - Nicklas Backstrom wins face-off versus Cal Clutterbuck in ARIZONA Coyotes zone.
13:05 of 1st period - Shot by Nicklas Backstrom.
13:05 of 1st period - Stopped by Jacob Markstrom without a rebound.
13:06 of 1st period - Alex Galchenyuk wins face-off versus Mark Scheifele in CALGARY Flames zone.
13:57 of 1st period - Shot by Ryan Nugent-Hopkins.
13:57 of 1st period - Deflect By Ryan Donato.
13:57 of 1st period - Stopped by Jacob Markstrom without a rebound.
13:58 of 1st period - Nicklas Backstrom wins face-off versus Boone Jenner in CALGARY Flames zone.
14:05 of 1st period - Shot by Travis Konecny.
14:05 of 1st period - Shot Misses the Net.
14:24 of 1st period - Icing by Brendan Perlini.
14:25 of 1st period - Mikko Koivu wins face-off versus Boone Jenner in CALGARY Flames zone.
14:45 of 1st period - Icing by Shea Weber.
14:46 of 1st period - Mark Scheifele wins face-off versus Boone Jenner in CALGARY Flames zone.
14:49 of 1st period - Shot by Auston Matthews.
14:49 of 1st period - Stopped by Jacob Markstrom with a rebound.
14:51 of 1st period - Shot by Alex Goligoski.
14:51 of 1st period - Stopped by Jacob Markstrom without a rebound.
14:52 of 1st period - Auston Matthews wins face-off versus Charlie Coyle in CALGARY Flames zone.
14:59 of 1st period - Shot by Ryan Nugent-Hopkins.
14:59 of 1st period - Shot Blocked by Charlie Coyle.
15:11 of 1st period - Mark Scheifele is hit by Darnell Nurse and loses puck.
15:22 of 1st period - Shot by Auston Matthews.
15:22 of 1st period - Shot Misses the Net.
15:24 of 1st period - Shot by Alex Goligoski.
15:24 of 1st period - Shot Misses the Net.
15:30 of 1st period - Shot by Auston Matthews.
15:30 of 1st period - Stopped by Jacob Markstrom with a rebound.
15:32 of 1st period - Shot by Erik Johnson.
15:32 of 1st period - Shot Blocked by Charlie McAvoy.
15:34 of 1st period - Shot by Auston Matthews.
15:34 of 1st period - Stopped by Jacob Markstrom with a rebound.
15:52 of 1st period - Shot by Nicklas Backstrom.
15:52 of 1st period - Stopped by Jacob Markstrom without a rebound.
15:53 of 1st period - Alex Galchenyuk wins face-off versus Ondrej Kase in CALGARY Flames zone.
16:04 of 1st period - Shot by Shea Weber.
16:04 of 1st period - Shot Misses the Net.
16:06 of 1st period - Shot by Shea Weber.
16:06 of 1st period - Shot Misses the Net.
16:22 of 1st period - Shot by Mikko Koivu.
16:22 of 1st period - Stopped by Jacob Markstrom with a rebound.
16:47 of 1st period - Icing by Justin Schultz.
16:48 of 1st period - Mikko Koivu wins face-off versus Boone Jenner in ARIZONA Coyotes zone.
17:01 of 1st period - Shot by Brendan Perlini.
17:01 of 1st period - Shot Blocked by Justin Schultz.
17:03 of 1st period - Shot by Boone Jenner.
17:03 of 1st period - Deflect By Brendan Perlini.
17:03 of 1st period - Shot Misses the Net.
17:05 of 1st period - Shot by Michal Kempny.
17:05 of 1st period - Shot Misses the Net.
17:07 of 1st period - Shot by Ryan Callahan.
17:07 of 1st period - Stopped by Andrei Vasilevskiy without a rebound.
17:08 of 1st period - Auston Matthews wins face-off versus Kyle Clifford in ARIZONA Coyotes zone.
17:25 of 1st period - Shot by Jason Chimera.
17:25 of 1st period - Stopped by Andrei Vasilevskiy without a rebound.
17:26 of 1st period - Ryan Callahan wins face-off versus Nicklas Backstrom in ARIZONA Coyotes zone.
18:32 of 1st period - Icing by Charlie McAvoy.
18:33 of 1st period - Ryan Nugent-Hopkins wins face-off versus Charlie Coyle in CALGARY Flames zone.
18:38 of 1st period - Shot by Mark Scheifele.
18:38 of 1st period - Shot Misses the Net.
18:57 of 1st period - Shot by Mark Scheifele.
18:57 of 1st period - Deflect By Ryan Nugent-Hopkins.
18:57 of 1st period - Stopped by Jacob Markstrom without a rebound.
18:58 of 1st period - Alex Galchenyuk wins face-off versus Mikko Koivu in CALGARY Flames zone.
19:03 of 1st period - Shot by Cal Clutterbuck.
19:03 of 1st period - Shot Misses the Net.
19:09 of 1st period - Shot by Mikko Koivu.
19:09 of 1st period - Stopped by Jacob Markstrom without a rebound.
19:10 of 1st period - Wayne Simmonds wins face-off versus Auston Matthews in CALGARY Flames zone.
19:39 of 1st period - Shot by Wayne Simmonds.
19:39 of 1st period - Shot Blocked by Mark Scheifele.
Goals for this period are 0 for ARIZONA Coyotes vs 1 for CALGARY Flames.
Shots for this period are 17 for ARIZONA Coyotes vs 7 for CALGARY Flames.

2nd period


0:01 of 2nd period - Nicklas Backstrom wins face-off versus Alex Galchenyuk in neutral zone.
0:11 of 2nd period - Erik Johnson is hit by Nick Ritchie and loses puck.
0:16 of 2nd period - Shot by Alex Galchenyuk.
0:16 of 2nd period - Shot Misses the Net.
0:18 of 2nd period - Shot by Cal Clutterbuck.
0:18 of 2nd period - Stopped by Andrei Vasilevskiy with a rebound.
1:10 of 2nd period - Shot by Charlie Coyle.
1:10 of 2nd period - Shot Blocked by Deryk Engelland.
1:20 of 2nd period - Shot by Jake DeBrusk.
1:20 of 2nd period - Shot Misses the Net.
1:22 of 2nd period - Shot by Charlie McAvoy.
1:22 of 2nd period - Deflect By Charlie Coyle.
1:22 of 2nd period - Stopped by Andrei Vasilevskiy with a rebound.
1:24 of 2nd period - Shot by Wayne Simmonds.
1:24 of 2nd period - Shot Misses the Net.
1:26 of 2nd period - Shot by Charlie Coyle.
1:26 of 2nd period - Shot Blocked by Ian Cole.
1:38 of 2nd period - Shot by Ryan Nugent-Hopkins.
1:38 of 2nd period - Stopped by Jacob Markstrom without a rebound.
1:39 of 2nd period - Boone Jenner wins face-off versus Ryan Donato in CALGARY Flames zone.
1:39 of 2nd period - Boone Jenner is hit by Mikko Koivu.
1:40 of 2nd period - Boone Jenner from CALGARY Flames is injured at 1:40 of 2nd period (Back Spasms).
1:41 of 2nd period - Mikko Koivu wins face-off versus Alex Galchenyuk in CALGARY Flames zone.
1:47 of 2nd period - Minor Penalty to Ondrej Kase for Interference.
1:48 of 2nd period - Mark Scheifele wins face-off versus Nick Ritchie in ARIZONA Coyotes zone.
1:59 of 2nd period - Shot by Ryan Suter.
1:59 of 2nd period - Shot Misses the Net.
2:01 of 2nd period - Shot by Alex Galchenyuk.
2:01 of 2nd period - Stopped by Andrei Vasilevskiy without a rebound.
2:02 of 2nd period - Nicklas Backstrom wins face-off versus Jake DeBrusk in ARIZONA Coyotes zone.
2:31 of 2nd period - Shot by Travis Hamonic.
2:31 of 2nd period - Stopped by Andrei Vasilevskiy without a rebound.
2:32 of 2nd period - Alex Galchenyuk wins face-off versus Mark Scheifele in ARIZONA Coyotes zone.
3:07 of 2nd period - Shot by Shea Weber.
3:07 of 2nd period - Stopped by Andrei Vasilevskiy without a rebound.
3:08 of 2nd period - Mark Scheifele wins face-off versus Charlie Coyle in ARIZONA Coyotes zone.
3:17 of 2nd period - Nicklas Backstrom is hit by Wayne Simmonds and loses puck.
3:42 of 2nd period - Shot by Mark Scheifele.
3:42 of 2nd period - Stopped by Jacob Markstrom without a rebound.
3:43 of 2nd period - Alex Galchenyuk wins face-off versus Auston Matthews in CALGARY Flames zone.
4:10 of 2nd period - Shot by Ryan Callahan.
4:10 of 2nd period - Stopped by Andrei Vasilevskiy without a rebound.
4:11 of 2nd period - Mikko Koivu wins face-off versus Wayne Simmonds in ARIZONA Coyotes zone.
4:56 of 2nd period - Icing by Ryan Suter.
4:57 of 2nd period - Nicklas Backstrom wins face-off versus Wayne Simmonds in CALGARY Flames zone.
5:23 of 2nd period - Shot by Sam Reinhart.
5:23 of 2nd period - Shot Misses the Net.
5:25 of 2nd period - Shot by Ian Cole.
5:25 of 2nd period - Stopped by Jacob Markstrom without a rebound.
5:26 of 2nd period - Alex Galchenyuk wins face-off versus Auston Matthews in CALGARY Flames zone.
5:28 of 2nd period - Minor Penalty to Ryan Nugent-Hopkins for Hooking.
5:29 of 2nd period - Alex Galchenyuk wins face-off versus Mark Scheifele in ARIZONA Coyotes zone.
5:44 of 2nd period - Shot by Travis Hamonic.
5:44 of 2nd period - Shot Misses the Net.
8:10 of 2nd period - Shot by Wayne Simmonds.
8:10 of 2nd period - Shot Misses the Net.
8:12 of 2nd period - Shot by Jason Chimera.
8:12 of 2nd period - Stopped by Andrei Vasilevskiy without a rebound.
8:13 of 2nd period - Wayne Simmonds wins face-off versus Andrew Copp in ARIZONA Coyotes zone.
8:29 of 2nd period - Wayne Simmonds is hit by Deryk Engelland and loses puck.
8:34 of 2nd period - Shot by Jason Chimera.
8:34 of 2nd period - Shot Misses the Net.
8:36 of 2nd period - Shot by Kyle Clifford.
8:36 of 2nd period - Shot Misses the Net.
8:38 of 2nd period - Shot by Eric Gryba.
8:38 of 2nd period - Stopped by Andrei Vasilevskiy without a rebound.
8:39 of 2nd period - Alex Galchenyuk wins face-off versus Auston Matthews in ARIZONA Coyotes zone.
8:40 of 2nd period - Shot by Nick Ritchie.
8:40 of 2nd period - Deflect By Alex Galchenyuk.
8:40 of 2nd period - Shot Blocked by Mark Scheifele.
8:55 of 2nd period - Off-side.
8:56 of 2nd period - Alex Galchenyuk wins face-off versus Sam Reinhart in neutral zone.
8:58 of 2nd period - Travis Hamonic is hit by Deryk Engelland and loses puck.
9:27 of 2nd period - Shot by Alex Galchenyuk.
9:27 of 2nd period - Shot Blocked by Ian Cole.
9:52 of 2nd period - Minor Penalty to Wayne Simmonds for Charging.
9:53 of 2nd period - Mark Scheifele wins face-off versus Alex Galchenyuk in CALGARY Flames zone.
10:07 of 2nd period - Icing by Mark Scheifele.
10:08 of 2nd period - Alex Galchenyuk wins face-off versus Mark Scheifele in ARIZONA Coyotes zone.
10:08 of 2nd period - Ryan Suter is hit by Erik Johnson and loses puck.
10:17 of 2nd period - Shot by Erik Johnson.
10:17 of 2nd period - Stopped by Jacob Markstrom without a rebound.
10:18 of 2nd period - Auston Matthews wins face-off versus Alex Galchenyuk in CALGARY Flames zone.
10:28 of 2nd period - Shot by Erik Johnson.
10:28 of 2nd period - Stopped by Jacob Markstrom without a rebound.
10:29 of 2nd period - Alex Galchenyuk wins face-off versus Nicklas Backstrom in CALGARY Flames zone.
10:44 of 2nd period - Shot by Alex Galchenyuk.
10:44 of 2nd period - Stopped by Andrei Vasilevskiy with a rebound.
10:51 of 2nd period - Alex Galchenyuk is hit by Deryk Engelland and loses puck.
10:57 of 2nd period - Mikko Koivu beats up Darnell Nurse.
10:57 of 2nd period - Penalty to Darnell Nurse for Fighting.
10:57 of 2nd period - Penalty to Mikko Koivu for Fighting.
10:58 of 2nd period - Cal Clutterbuck wins face-off versus Mark Scheifele in ARIZONA Coyotes zone.
11:09 of 2nd period - Shot by Alex Goligoski.
11:09 of 2nd period - Shot Misses the Net.
11:27 of 2nd period - Shot by Auston Matthews.
11:27 of 2nd period - Shot Misses the Net.
11:29 of 2nd period - Shot by Auston Matthews.
11:29 of 2nd period - Shot Misses the Net.
11:31 of 2nd period - Shot by Alex Goligoski.
11:31 of 2nd period - Goal by Alex Goligoski - ARIZONA Coyotes : 1 - CALGARY Flames : 1.
11:32 of 2nd period - Nicklas Backstrom wins face-off versus Wayne Simmonds in neutral zone.
12:43 of 2nd period - Shot by Alex Galchenyuk.
12:43 of 2nd period - Shot Misses the Net.
12:45 of 2nd period - Shot by Travis Hamonic.
12:45 of 2nd period - Stopped by Andrei Vasilevskiy without a rebound.
12:46 of 2nd period - Auston Matthews wins face-off versus Charlie Coyle in ARIZONA Coyotes zone.
12:46 of 2nd period - Auston Matthews is hit by Charlie Coyle.
13:31 of 2nd period - Icing by Auston Matthews.
13:32 of 2nd period - Alex Galchenyuk wins face-off versus Auston Matthews in ARIZONA Coyotes zone.
13:32 of 2nd period - Cal Clutterbuck is hit by Erik Johnson and loses puck.
13:51 of 2nd period - Mark Scheifele is hit by Nick Ritchie.
13:54 of 2nd period - Off-side.
13:55 of 2nd period - Alex Galchenyuk wins face-off versus Travis Konecny in neutral zone.
13:55 of 2nd period - Ryan Callahan is hit by Travis Konecny and loses puck.
14:11 of 2nd period - Icing by Eric Gryba.
14:12 of 2nd period - Andrew Copp wins face-off versus Alex Galchenyuk in CALGARY Flames zone.
14:29 of 2nd period - Shot by Alex Galchenyuk.
14:29 of 2nd period - Stopped by Andrei Vasilevskiy without a rebound.
14:30 of 2nd period - Charlie Coyle wins face-off versus Travis Konecny in ARIZONA Coyotes zone.
14:45 of 2nd period - Shot by Wayne Simmonds.
14:45 of 2nd period - Shot Blocked by Deryk Engelland.
14:47 of 2nd period - Shot by Charlie Coyle.
14:47 of 2nd period - Stopped by Andrei Vasilevskiy with a rebound.
14:49 of 2nd period - Shot by Jake DeBrusk.
14:49 of 2nd period - Shot Hit the Post.
14:51 of 2nd period - Shot by Wayne Simmonds.
14:51 of 2nd period - Shot Hit the Post.
14:53 of 2nd period - Shot by Ryan Suter.
14:53 of 2nd period - Stopped by Andrei Vasilevskiy with a rebound.
16:26 of 2nd period - Icing by Auston Matthews.
16:27 of 2nd period - Auston Matthews wins face-off versus Wayne Simmonds in ARIZONA Coyotes zone.
16:33 of 2nd period - Auston Matthews is hit by Kyle Clifford and loses puck.
17:18 of 2nd period - Justin Schultz is hit by Cal Clutterbuck and loses puck.
17:41 of 2nd period - Shot by Nick Ritchie.
17:41 of 2nd period - Shot Blocked by Sam Bennett.
18:17 of 2nd period - Icing by Travis Hamonic.
18:18 of 2nd period - Charlie Coyle wins face-off versus Nicklas Backstrom in CALGARY Flames zone.
18:29 of 2nd period - Travis Hamonic is hit by Nicklas Backstrom and loses puck.
19:42 of 2nd period - Shot by Ryan Suter.
19:42 of 2nd period - Shot Misses the Net.
19:44 of 2nd period - Shot by Ryan Suter.
19:44 of 2nd period - Shot Misses the Net.
19:46 of 2nd period - Shot by Shea Weber.
19:46 of 2nd period - Shot Blocked by Alex Goligoski.
19:54 of 2nd period - Shot by Wayne Simmonds.
19:54 of 2nd period - Shot Misses the Net.
19:56 of 2nd period - Shot by Wayne Simmonds.
19:56 of 2nd period - Shot Misses the Net.
Goals for this period are 1 for ARIZONA Coyotes vs 0 for CALGARY Flames.
Shots for this period are 6 for ARIZONA Coyotes vs 13 for CALGARY Flames.

3rd period


0:01 of 3rd period - Charlie Coyle wins face-off versus Nicklas Backstrom in neutral zone.
1:11 of 3rd period - Shot by Cal Clutterbuck.
1:11 of 3rd period - Shot Misses the Net.
1:31 of 3rd period - Shot by Mark Scheifele.
1:31 of 3rd period - Shot Misses the Net.
1:35 of 3rd period - Shot by Ryan Nugent-Hopkins.
1:35 of 3rd period - Shot Blocked by Darnell Nurse.
1:37 of 3rd period - Shot by Auston Matthews.
1:37 of 3rd period - Stopped by Jacob Markstrom with a rebound.
1:39 of 3rd period - Shot by Ryan Nugent-Hopkins.
1:39 of 3rd period - Stopped by Jacob Markstrom with a rebound.
1:41 of 3rd period - Shot by Nikita Zaitsev.
1:41 of 3rd period - Stopped by Jacob Markstrom with a rebound.
1:43 of 3rd period - Shot by Justin Schultz.
1:43 of 3rd period - Stopped by Jacob Markstrom without a rebound.
1:44 of 3rd period - Mikko Koivu wins face-off versus Wayne Simmonds in CALGARY Flames zone.
2:33 of 3rd period - Icing by Travis Hamonic.
2:34 of 3rd period - Wayne Simmonds wins face-off versus Ryan Nugent-Hopkins in CALGARY Flames zone.
2:47 of 3rd period - Shot by Alex Galchenyuk.
2:47 of 3rd period - Shot Misses the Net.
2:53 of 3rd period - Shea Weber is hit by Auston Matthews and loses puck.
3:14 of 3rd period - Shot by Auston Matthews.
3:14 of 3rd period - Shot Misses the Net.
3:16 of 3rd period - Shot by Erik Johnson.
3:16 of 3rd period - Stopped by Jacob Markstrom without a rebound.
3:17 of 3rd period - Charlie Coyle wins face-off versus Nicklas Backstrom in CALGARY Flames zone.
3:27 of 3rd period - Wayne Simmonds is hit by Nikita Zaitsev and loses puck.
3:44 of 3rd period - Minor Penalty to Nikita Zaitsev for Slashing.
3:45 of 3rd period - Mark Scheifele wins face-off versus Alex Galchenyuk in ARIZONA Coyotes zone.
3:50 of 3rd period - Ryan Suter is hit by Mark Scheifele and loses puck.
4:03 of 3rd period - Shea Weber is hit by Mark Scheifele and loses puck.
4:25 of 3rd period - Shea Weber is hit by Deryk Engelland and loses puck.
4:46 of 3rd period - Shot by Travis Hamonic.
4:46 of 3rd period - Stopped by Andrei Vasilevskiy without a rebound.
4:47 of 3rd period - Auston Matthews wins face-off versus Charlie Coyle in ARIZONA Coyotes zone.
5:10 of 3rd period - Icing by Michal Kempny.
5:11 of 3rd period - Mark Scheifele wins face-off versus Charlie Coyle in CALGARY Flames zone.
6:42 of 3rd period - Shot by Cal Clutterbuck.
6:42 of 3rd period - Shot Misses the Net.
6:44 of 3rd period - Shot by Darnell Nurse.
6:44 of 3rd period - Shot Misses the Net.
7:23 of 3rd period - Andrew Copp is hit by Eric Gryba and loses puck.
8:17 of 3rd period - Shot by Brendan Perlini.
8:17 of 3rd period - Deflect By Alex Galchenyuk.
8:17 of 3rd period - Stopped by Andrei Vasilevskiy without a rebound.
8:18 of 3rd period - Nicklas Backstrom wins face-off versus Alex Galchenyuk in ARIZONA Coyotes zone.
8:26 of 3rd period - Off-side.
8:27 of 3rd period - Wayne Simmonds wins face-off versus Auston Matthews in neutral zone.
8:58 of 3rd period - Shot by Auston Matthews.
8:58 of 3rd period - Shot Misses the Net.
9:00 of 3rd period - Shot by Ryan Nugent-Hopkins.
9:00 of 3rd period - Shot Misses the Net.
10:01 of 3rd period - Shot by Nick Ritchie.
10:01 of 3rd period - Shot Misses the Net.
10:03 of 3rd period - Shot by Cal Clutterbuck.
10:03 of 3rd period - Deflect By Alex Galchenyuk.
10:03 of 3rd period - Shot Misses the Net.
10:11 of 3rd period - Shot by Nick Ritchie.
10:11 of 3rd period - Shot Misses the Net.
10:18 of 3rd period - Icing by Justin Schultz.
10:19 of 3rd period - Nicklas Backstrom wins face-off versus Brendan Perlini in ARIZONA Coyotes zone.
10:21 of 3rd period - Icing by Sam Reinhart.
10:22 of 3rd period - Nicklas Backstrom wins face-off versus Alex Galchenyuk in ARIZONA Coyotes zone.
10:57 of 3rd period - Shot by Alex Galchenyuk.
10:57 of 3rd period - Stopped by Andrei Vasilevskiy without a rebound.
10:58 of 3rd period - Ryan Donato wins face-off versus Charlie Coyle in ARIZONA Coyotes zone.
11:19 of 3rd period - Shot by Charlie Coyle.
11:19 of 3rd period - Shot Blocked by Erik Johnson.
12:09 of 3rd period - Icing by Charlie McAvoy.
12:10 of 3rd period - Alex Galchenyuk wins face-off versus Auston Matthews in CALGARY Flames zone.
12:35 of 3rd period - Shot by Auston Matthews.
12:35 of 3rd period - Shot Misses the Net.
12:43 of 3rd period - Shot by Auston Matthews.
12:43 of 3rd period - Stopped by Jacob Markstrom without a rebound.
12:44 of 3rd period - Charlie Coyle wins face-off versus Andrew Copp in CALGARY Flames zone.
13:23 of 3rd period - Icing by Nikita Zaitsev.
13:24 of 3rd period - Charlie Coyle wins face-off versus Sam Bennett in ARIZONA Coyotes zone.
13:30 of 3rd period - Icing by Ryan Hartman.
13:31 of 3rd period - Andrew Copp wins face-off versus Cal Clutterbuck in ARIZONA Coyotes zone.
13:31 of 3rd period - Andrew Copp is hit by Nick Ritchie.
13:41 of 3rd period - Nikita Zaitsev is hit by Darnell Nurse and loses puck.
14:04 of 3rd period - Shot by Auston Matthews.
14:04 of 3rd period - Stopped by Jacob Markstrom without a rebound.
14:05 of 3rd period - Nicklas Backstrom wins face-off versus Wayne Simmonds in CALGARY Flames zone.
14:37 of 3rd period - Shot by Travis Konecny.
14:37 of 3rd period - Shot Blocked by Shea Weber.
14:51 of 3rd period - Off-side.
14:52 of 3rd period - Auston Matthews wins face-off versus Alex Galchenyuk in neutral zone.
14:54 of 3rd period - Off-side.
14:55 of 3rd period - Alex Galchenyuk wins face-off versus Auston Matthews in neutral zone.
15:00 of 3rd period - Shot by Charlie McAvoy.
15:00 of 3rd period - Shot Misses the Net.
15:51 of 3rd period - Ryan Suter is hit by Ryan Nugent-Hopkins and loses puck.
16:40 of 3rd period - Shot by Brendan Perlini.
16:40 of 3rd period - Shot Misses the Net.
16:42 of 3rd period - Shot by Brendan Perlini.
16:42 of 3rd period - Stopped by Andrei Vasilevskiy without a rebound.
16:43 of 3rd period - Nicklas Backstrom wins face-off versus Alex Galchenyuk in ARIZONA Coyotes zone.
16:50 of 3rd period - Shot by Nicklas Backstrom.
16:50 of 3rd period - Shot Misses the Net.
16:52 of 3rd period - Shot by Deryk Engelland.
16:52 of 3rd period - Shot Misses the Net.
17:08 of 3rd period - Shot by Brendan Perlini.
17:08 of 3rd period - Deflect By Ryan Callahan.
17:08 of 3rd period - Stopped by Andrei Vasilevskiy without a rebound.
17:09 of 3rd period - Andrew Copp wins face-off versus Wayne Simmonds in ARIZONA Coyotes zone.
17:19 of 3rd period - Icing by Travis Hamonic.
17:20 of 3rd period - Auston Matthews wins face-off versus Wayne Simmonds in CALGARY Flames zone.
17:42 of 3rd period - Icing by Travis Hamonic.
17:43 of 3rd period - Travis Konecny wins face-off versus Wayne Simmonds in CALGARY Flames zone.
17:47 of 3rd period - Icing by Michal Kempny.
17:48 of 3rd period - Wayne Simmonds wins face-off versus Mikko Koivu in CALGARY Flames zone.
17:55 of 3rd period - Michal Kempny is hit by Mikko Koivu.
17:59 of 3rd period - Shot by Jason Chimera.
17:59 of 3rd period - Shot Misses the Net.
19:49 of 3rd period - Shot by Ryan Callahan.
19:49 of 3rd period - Deflect By Brendan Perlini.
19:49 of 3rd period - Stopped by Andrei Vasilevskiy with a rebound.
19:51 of 3rd period - Shot by Brendan Perlini.
19:51 of 3rd period - Stopped by Andrei Vasilevskiy without a rebound.
19:52 of 3rd period - Auston Matthews wins face-off versus Wayne Simmonds in ARIZONA Coyotes zone.
19:58 of 3rd period - Off-side.
19:59 of 3rd period - Auston Matthews wins face-off versus Wayne Simmonds in neutral zone.
Goals for this period are 0 for ARIZONA Coyotes vs 0 for CALGARY Flames.
Shots for this period are 7 for ARIZONA Coyotes vs 7 for CALGARY Flames.

Overtime #1


0:01 of 1st overtime period - Mark Scheifele wins face-off versus Wayne Simmonds in neutral zone.
0:03 of 1st overtime period - Alex Goligoski is hit by Shea Weber and loses puck.
0:23 of 1st overtime period - Off-side.
0:24 of 1st overtime period - Wayne Simmonds wins face-off versus Mark Scheifele in neutral zone.
0:27 of 1st overtime period - Shot by Charlie McAvoy.
0:27 of 1st overtime period - Stopped by Andrei Vasilevskiy with a rebound.
0:39 of 1st overtime period - Shot by Alex Galchenyuk.
0:39 of 1st overtime period - Shot Misses the Net.
0:51 of 1st overtime period - Shot by Alex Galchenyuk.
0:51 of 1st overtime period - Shot Misses the Net.
3:09 of 1st overtime period - Shot by Shea Weber.
3:09 of 1st overtime period - Shot Misses the Net.
3:16 of 1st overtime period - Charlie Coyle is hit by Alex Goligoski and loses puck.
3:38 of 1st overtime period - Off-side.
3:39 of 1st overtime period - Brendan Perlini wins face-off versus Auston Matthews in neutral zone.
4:00 of 1st overtime period - Shot by Brendan Perlini.
4:00 of 1st overtime period - Stopped by Andrei Vasilevskiy without a rebound.
4:01 of 1st overtime period - Mark Scheifele wins face-off versus Wayne Simmonds in ARIZONA Coyotes zone.
4:12 of 1st overtime period - Shot by Travis Konecny.
4:12 of 1st overtime period - Shot Blocked by Travis Hamonic.
4:22 of 1st overtime period - Shot by Wayne Simmonds.
4:22 of 1st overtime period - Stopped by Andrei Vasilevskiy without a rebound.
4:23 of 1st overtime period - Mark Scheifele wins face-off versus Brendan Perlini in ARIZONA Coyotes zone.
4:49 of 1st overtime period - Shot by Nicklas Backstrom.
4:49 of 1st overtime period - Stopped by Jacob Markstrom without a rebound.
4:50 of 1st overtime period - Wayne Simmonds wins face-off versus Auston Matthews in CALGARY Flames zone.
Goals for this period are 0 for ARIZONA Coyotes vs 0 for CALGARY Flames.
Shots for this period are 1 for ARIZONA Coyotes vs 3 for CALGARY Flames.

ShootOut


5:00 of 1st overtime period - Round #1.
5:00 of 1st overtime period - ARIZONA Coyotes, Mark Scheifele.
5:00 of 1st overtime period - Stopped by Jacob Markstrom.
5:00 of 1st overtime period - CALGARY Flames, Wayne Simmonds.
5:00 of 1st overtime period - Stopped by Andrei Vasilevskiy.
5:00 of 1st overtime period - Round #2.
5:00 of 1st overtime period - ARIZONA Coyotes, Nicklas Backstrom.
5:00 of 1st overtime period - Stopped by Jacob Markstrom.
5:00 of 1st overtime period - CALGARY Flames, Shea Weber.
5:00 of 1st overtime period - Shot Misses the Net.
5:00 of 1st overtime period - Round #3.
5:00 of 1st overtime period - ARIZONA Coyotes, Auston Matthews.
5:00 of 1st overtime period - Stopped by Jacob Markstrom.
5:00 of 1st overtime period - CALGARY Flames, Alex Galchenyuk.
5:00 of 1st overtime period - Goal by Alex Galchenyuk.